 Dungeon Crawl Stone Soup version 0.22.1-2-g9c5b331 (webtiles) character file.

317 Matador8 the Insei (level 6, 21/43 HPs)
             Began as a Merfolk Transmuter on Dec 19, 2018.
             Quit the game on level 4 of the Dungeon.
             The game lasted 00:14:33 (2554 turns).

Matador8 the Insei (Merfolk Transmuter)             Turns: 2554, Time: 00:14:34

Health: 21/43      AC:  3    Str: 11    XL:     6   Next: 44%
Magic:  8/9        EV: 13    Int: 14    God:
Gold:   99         SH:  0    Dex: 14    Spells: 3/9 levels left

rFire    . . .     SeeInvis .     - Unarmed
rCold    . . .     Gourm    .   (no shield)
rNeg     . . .     Faith    .   b - +0 robe
rPois    .         Spirit   .   (no helmet)
rElec    .         Reflect  .   (no cloak)
rCorr    .         Harm     .   k - +0 pair of gloves
MR       .....                  (no boots)
Stlth    +.........             (no amulet)
HPRegen  0.14/turn              (no ring)
MPRegen  0.11/turn              (no ring)

@: no status effects
A: change form in water, swift swim, stealthy swim
a: no special abilities


You were on level 4 of the Dungeon.
You were not hungry.

You visited 1 branch of the dungeon, and saw 4 of its levels.

You collected 99 gold pieces.

Inventory:

Missiles
 e - 7 needles of sleeping
 i - 5 javelins (quivered)
Armour
 b - a +0 robe (worn)
 c - a +0 ring mail
 k - a +0 pair of gloves (worn)
 t - a +0 chain mail
Jewellery
 m - a cursed ring of poison resistance {unknown}
Scrolls
 j - a scroll of blinking {unknown}
 o - a scroll of enchant weapon {unknown}
 q - a scroll of teleportation {unknown}
 s - a scroll of remove curse {unknown}
Potions
 f - a potion of resistance {unknown}
 g - a potion of might {unknown}
 h - 6 potions of curing {unknown}
 l - 2 potions of heal wounds {unknown}
 n - 2 potions of flight {unknown}
 p - a potion of mutation {unknown}
 r - a potion of brilliance {unknown}
Comestibles
 a - 5 chunks of flesh
 d - 6 rations


   Skills:
 - Level 1.1 Fighting
 - Level 2.6 Dodging
 + Level 6.6 Unarmed Combat
 - Level 2.0 Spellcasting
 - Level 5.3 Transmutations


You had 3 spell levels left.
You knew the following spells:

 Your Spells              Type           Power        Failure   Level  Hunger
a - Beastly Appendage     Tmut           ###...       2%          1    ##.....
b - Sticks to Snakes      Tmut           ###.....     4%          2    ###....
c - Spider Form           Tmut/Pois      #.........   24%         3    ####...

Your spell library contained the following spells:

 Spells                   Type           Power        Failure   Level  Hunger
 Blade Hands              Tmut           ###.......   58%         5    ######.
 Ice Form                 Ice/Tmut       #.......     61%         4    #####..


Dungeon Overview and Level Annotations

Branches:
Dungeon (4/15)
 Temple: D:4-7

Altars:

Shops:
D:4 ?

Annotations:
D:3 Grinder, Sigmund
D:4 Duvessa, Menkaure


Message History

You hit the howler monkey but do no damage.
The howler monkey is poisoned.
The howler monkey completely misses you.
The howler monkey hoots and howls with incredible vigour!
You hear a shout! x2
You bite the howler monkey!
The howler monkey looks as sick as possible!
The howler monkey is severely wounded.
The howler monkey completely misses you.
You kill the howler monkey!
Your transformation is almost over.
You see here a howler monkey corpse.
You butcher the howler monkey corpse.
a - 5 chunks of flesh (gained 3) Duvessa, Sister of Dowan comes into view.
She is wielding a short sword of Duvessa shouts!
Your transformation has ended.
Your +0 pair of gloves unmelds from your body.
Your +0 robe unmelds from your body.
Are you sure you want to abandon this character and quit the game? (Confirm

.... #.. ..# ....
...#.# #.# ... #.##.#
##.## ..# #.##.# #>.)#
#.# #.##.# #...# #.#
#.##.#####...### #.#
#.##.##.........
#.######...............
#.....@.....##.........
#################....#.
#...... #....#. ####.#.
#.). ####


There were no monsters in sight!

Vanquished Creatures
  A bullfrog (D:4)
  A scorpion (D:4)
  A howler monkey (D:4)
  A crimson imp (D:3)
  2 orc wizards (D:4)
  3 adders
  3 dart slugs
  3 leopard geckos
  3 orcs (D:4)
  4 bats
  A goblin (D:1)
  3 hobgoblins
  4 kobolds
  A ball python (D:2)
  6 frilled lizards
  A leopard gecko skeleton (D:4)
  A rat (D:2)
39 creatures vanquished.

Vanquished Creatures (collateral kills)
  An adder (D:3)
  An ooze (D:2)
  A worm (D:3)
  An orc (D:4)
4 creatures vanquished.

Grand Total: 43 creatures vanquished

Notes
Turn   | Place    | Note
-------+----------+-------------------------------------------
     0 | D:1      | Matador8 the Merfolk Transmuter began the quest for the
                  | Orb.
     0 | D:1      | Reached XP level 1. HP: 15/15 MP: 3/3
   295 | D:1      | Reached XP level 2. HP: 19/21 MP: 3/5
   305 | D:1      | Learned a level 2 spell: Sticks to Snakes
  1146 | D:2      | Reached XP level 3. HP: 26/26 MP: 6/6
  1301 | D:2      | Learned a level 3 spell: Spider Form
  1304 | D:3      | Noticed Grinder
  1384 | D:3      | Reached skill level 4 in Unarmed Combat
  1821 | D:3      | Reached XP level 4. HP: 32/32 MP: 0/7
  1907 | D:3      | Noticed Sigmund
  1980 | D:4      | Found Muifoataip's Magic Scroll Emporium.
  2089 | D:4      | Reached skill level 5 in Transmutations
  2095 | D:4      | Reached XP level 5. HP: 30/37 MP: 5/8
  2103 | D:4      | Reached skill level 5 in Unarmed Combat
  2206 | D:4      | Noticed Menkaure
  2522 | D:4      | Reached skill level 6 in Unarmed Combat
  2522 | D:4      | Reached XP level 6. HP: 17/43 MP: 9/9
  2547 | D:4      | Noticed Duvessa
  2554 | D:4      | Quit the game

Skill      XL: |  1  2  3  4  5 |
---------------+----------------+-----
Transmutations | 3 4 5 |  5.3
Unarmed Combat | 4 6 |  6.6
Fighting       | |  1.1
Dodging        | |  2.6
Spellcasting   | |  2.0

Action                   |  1- 3 |  4- 6 || total
-------------------------+-------+-------++-------
Melee: Unarmed           |   115 |    62 ||   177
       Headbutt          |     7 |     3 ||    10
       Punch             |     1 |     1 ||     2
 Cast: Beastly Appendage |    10 |     3 ||    13
       Sticks to Snakes  |     7 |     5 ||    12
       Spider Form       |     2 |     5 ||     7
 Stab: Sleeping          |     2 |     1 ||     3
  Eat: Chunk             |     1 |     3 ||     4
       Ration            |     1 |       ||     1
Armor: Robe              |    34 |    12 ||    46
       Skin              |       |     1 ||     1
Dodge: Dodged            |    98 |    48 ||   146
